 Dungeon Crawl Stone Soup version 0.29-a0-22-gbf593b16ee (webtiles) character file.

Game seed: 7601095392911347345

131 horus123 the Ruffian (level 4, -1/45 HPs)
             Began as a Troll Monk on Jan 30, 2022.
             Was a Priest of Cheibriados.
             Slain by a gnoll (9 damage)
             ... on level 3 of the Dungeon.
             The game lasted 00:02:33 (940 turns).

horus123 the Ruffian (Troll Monk)                    Turns: 940, Time: 00:02:34

Health: -1/45      AC:  4    Str: 29    XL:     4   Next: 91%
Magic:  3/3        EV: 11    Int: 14    God:    Cheibriados [***...]
Gold:   56         SH:  0    Dex: 20    Spells: 3/3 levels left

rFire   . . .      SeeInvis .     - Unarmed
rCold   . . .      Faith    .   (no shield)
rNeg    . . .      Spirit   .   a - +0 robe
rPois   .          Reflect  .   (helmet restricted)
rElec   .          Harm     .   (no cloak)
rCorr   .          Rampage  .   (gloves unavailable)
Will    .....                   (boots unavailable)
Stlth   ++........              (no amulet)
HPRegen 0.95/turn               (no ring)
MPRegen 0.08/turn               (no ring)

@: mighty, very slow
A: large, unfitting armour, claws 3, regeneration 1, shaggy fur 1, tough skin 1
a: Renounce Religion, Bend Time, Temporal Distortion


You were on level 3 of the Dungeon.
You worshipped Cheibriados.
Cheibriados was most pleased with you.
You visited 1 branch of the dungeon, and saw 3 of its levels.

You collected 56 gold pieces.

Inventory:

Armour
 a - a +0 robe (worn)
Scrolls
 b - a scroll of enchant armour
 g - a scroll of vulnerability {unknown}
 h - a scroll of magic mapping {unknown}
Potions
 d - a potion of brilliance
 e - a potion of cancellation
 f - a potion of curing {unknown}


   Skills:
 - Level 3.0 Fighting
 - Level 2.4 Dodging
 - Level 1.0 Stealth
 + Level 5.2 Unarmed Combat


You had 3 spell levels left.
You didn't know any spells.
Your spell library was empty.

Dungeon Overview and Level Annotations

Branches:
Dungeon (3/15)

Altars:
Cheibriados


Innate Abilities, Weirdness & Mutations

You are too large for most types of armour.
You have claws for hands.
Your natural rate of healing is unusually fast.
You are covered in fur. (AC +1)
You have tough skin. (AC +1)


Message History

The gnoll closely misses you.
You mangle the gnoll!!
You kill the gnoll!
Cheibriados appreciates the change of pace.
The gnoll misses you. The gnoll barely misses you.
The gnoll hits you with a +0 spear!
You closely miss the gnoll. The gnoll misses you.
The gnoll hits you with a +0 spear.
You claw the gnoll!
The gnoll is heavily wounded.
The gnoll barely misses you. x2
You scratch the gnoll.
The gnoll is severely wounded.
The gnoll closely misses you. The gnoll hits you with a +0 spear!
You mangle the gnoll!!
You kill the gnoll!
Cheibriados appreciates the change of pace.
The gnoll hits you from afar with a +0 halberd!
You are too injured to fight recklessly!
You are too injured to fight recklessly!
You are too injured to fight recklessly!
Unknown command.
You scratch the gnoll.
The gnoll is lightly wounded.
The gnoll hits you but does no damage.
The gnoll hits you from afar with a +0 halberd!
* * * LOW HITPOINT WARNING * * *
The hobgoblin closely misses you. The gnoll barely misses you.
The gnoll hits you from afar with a +0 spear.
* * * LOW HITPOINT WARNING * * *
The hobgoblin barely misses you.
The gnoll hits you from afar with a +0 spear.
* * * LOW HITPOINT WARNING * * *
The gnoll misses you.
The hobgoblin hits you but does no damage.
It was a potion of might.
You feel very mighty all of a sudden.
The gnoll hits you from afar with a +0 spear!
You die...

#..... .#.# .....
.... ##...##..#
##........
##.......###
##..........# .
#.......g.).#..#
#.....@gg......#
###.#......)###...#
#....#.)...## .
.#..#....##
#.....####
#........+
#....<#### #..#.##
#..##


You could see 2 gnolls and a hobgoblin.

Vanquished Creatures
  A scorpion (D:3)
  2 gnolls (D:3)
  2 worms
  3 bats
  4 endoplasms (D:2)
  3 giant cockroaches (D:1)
  6 goblins
  6 hobgoblins
  2 quokkas (D:2)
  2 ball pythons (D:1)
  4 frilled lizards
  2 kobolds
  7 rats
44 creatures vanquished.

Notes
Turn   | Place    | Note
-------+----------+-------------------------------------------
     0 | D:1      | horus123 the Troll Monk began the quest for the Orb.
     0 | D:1      | Reached XP level 1. HP: 22/22 MP: 0/0
   150 | D:1      | Reached XP level 2. HP: 29/29 MP: 1/1
   380 | D:1      | Found a faded altar of an unknown god.
   387 | D:1      | Prayed at the altar of an unknown god.
   387 | D:1      | Became a worshipper of Cheibriados the Contemplative
   387 | D:1      | Reached * piety under Cheibriados
   387 | D:1      | Reached ** piety under Cheibriados
   560 | D:2      | Reached *** piety under Cheibriados
   567 | D:2      | Reached XP level 3. HP: 37/37 MP: 2/2
   893 | D:2      | Reached skill level 4 in Unarmed Combat
   915 | D:3      | Noticed a scorpion
   921 | D:3      | Killed a scorpion
   922 | D:3      | Reached skill level 5 in Unarmed Combat
   922 | D:3      | Reached XP level 4. HP: 45/45 MP: 3/3
   940 | D:3      | Slain by a gnoll

Illustrated notes

Levels and vault maps discovered:
D:1:      amcnicky_arrival_abandoned_market, layout_rooms,
          shapermc_ecumenical_altar_hornbeckon, st_stairs_1
D:2:      layout_basic
D:3:      layout_loops_corners, fiery_altar_vehumet, serial_shops,
          nicolae_shop_statue_plus, chequers_mini_garden

Skill      XL: |  1  2  3 |
---------------+----------+-----
Fighting       | 3 |  3.0
Unarmed Combat | 5 |  5.2
Dodging        | |  2.4
Stealth        | |  1.0

Action                   |  1- 3 |  4- 6 || total
-------------------------+-------+-------++-------
Melee: Unarmed           |    77 |    11 ||    88
  Use: Scroll            |     3 |       ||     3
       Potion            |       |     1 ||     1
 Stab: Sleeping          |     2 |       ||     2
Armor: Robe              |    22 |     3 ||    25
Dodge: Dodged            |    25 |    14 ||    39

Table legend: (Time is in decaauts)
 A = Elapsed time spent in this place.
 B = Non-inter-level travel time spent in this place.
 C = Inter-level travel time spent in this place.
 D = Time resting spent in this place.
 E = Time spent auto-exploring this place.
 F = Levels seen in this place.
 G = Mean time per level.
                   A        B        C        D        E       F      G
               +--------+--------+--------+--------+--------+-----+--------+
         Total |   1233 |   1160 |     73 |      0 |    890 |   3 |  411.0 |
       Dungeon |   1233 |   1160 |     73 |      0 |    890 |   3 |  411.0 |
               +--------+--------+--------+--------+--------+-----+--------+

Top non-repeatable levels by time:
     D:2: 756 daAuts
     D:1: 440 daAuts
     D:3: 36 daAuts
